 Dungeon Crawl Stone Soup version 0.19-a0-1792-g28b16ba (webtiles) character file.

94 twist the Skirmisher (level 4, -6/49 HPs)
             Began as an Ogre Hunter on Oct 4, 2016.
             Mangled by an ogre
             ... wielding a +0 giant spiked club
              (28 damage)
             ... on level 3 of the Dungeon.
             The game lasted 00:03:53 (2879 turns).

twist the Skirmisher (Ogre Hunter)                  Turns: 2879, Time: 00:03:53

Health: -6/49      AC:  4    Str: 17    XL:     4   Next: 63%
Magic:  4/4        EV: 10    Int: 10    God:
Gold:   114        SH:  0    Dex: 11    Spells: 0 memorised, 3 levels left

rFire  . . .     SeeInvis .     k - +0 hand axe (venom)
rCold  . . .     Gourm    .     b - +0 robe
rNeg   . . .     Faith    .     (no shield)
rPois  .         Spirit   .     (helmet restricted)
rElec  .         Dismiss  .     i - +0 cloak
rCorr  .         Reflect  .     (gloves unavailable)
MR     .....     Harm     .     (boots unavailable)
Stlth  +.........               (no amulet)
                                (no ring)
                                (no ring)

@: no status effects
A: unfitting armour, tough skin 1
a: no special abilities


You were on level 3 of the Dungeon.
You were not hungry.

You visited 1 branch of the dungeon, and saw 3 of its levels.

You collected 114 gold pieces.

Inventory:

Hand Weapons
 a - a +0 mace
 k - a +0 hand axe of venom (weapon)
 t - a cursed -1 war axe
Missiles
 c - 5 large rocks (quivered)
 d - 2 throwing nets
 l - 3 javelins of penetration
 m - 2 curare-tipped needles
Armour
 b - a +0 robe (worn)
 i - a +0 cloak (worn)
Scrolls
 e - 3 scrolls of remove curse {unknown}
 g - 3 scrolls of identify {unknown}
 h - 2 scrolls of amnesia {unknown}
 n - a scroll of teleportation {unknown}
 o - a scroll of enchant weapon {unknown}
Potions
 j - a potion of heal wounds {unknown}
 p - a potion of degeneration {unknown}
 q - a potion of brilliance {unknown}
 r - 2 potions of curing {unknown}
Comestibles
 f - 2 bread rations


   Skills:
 - Level 4.9 Fighting
 + Level 2.0 Maces & Flails
 - Level 4.1 Throwing
 - Level 2.2 Dodging
 - Level 1.3 Stealth


You had 3 spell levels left.
You didn't know any spells.

Dungeon Overview and Level Annotations

Branches:
Dungeon (3/15)

Altars:


Innate Abilities, Weirdness & Mutations

You are too large for most types of armour.
You have tough skin. (AC +1)


Message History

Welcome back, twist the Ogre Hunter.
Press ? for a list of commands and other information.
Save game and exit?
Welcome back, twist the Ogre Hunter.
Press ? for a list of commands and other information.
An ogre is nearby!
An ogre is nearby!
The ogre hits you with a giant spiked club!!
Ouch! That really hurt!
You hear a shout!
An ogre is nearby!
You hit the ogre but do no damage.
The ogre is poisoned.
The ogre barely misses you.
A kobold comes into view. It is wielding a club.
There are monsters nearby!
You hit the ogre.
The ogre looks as sick as possible!
The ogre is moderately wounded.
The ogre hits you with a giant spiked club!!
Ouch! That really hurt!
You die...

##############
########............##
#...O@................
#K######.##########.#.
#.# #.#. #.# #.#. ..#
#.#. ### #... #... #(
#... ##.# #..#


You could see an ogre and a kobold.

Vanquished Creatures
  2 adders
  An ooze (D:2)
  A worm (D:2)
  A dart slug (D:2)
  4 leopard geckos
  An orc (D:2)
  A giant cockroach (D:1)
  10 goblins
  7 hobgoblins
  2 jackals (D:1)
  6 kobolds
  3 quokkas (D:2)
  7 bats
  5 frilled lizards
  10 rats
61 creatures vanquished.

Notes
Turn   | Place    | Note
-------+----------+-------------------------------------------
     0 | D:1      | twist the Ogre Hunter began the quest for the Orb.
     0 | D:1      | Reached XP level 1. HP: 22/22 MP: 1/1
    62 | D:1      | Reached skill level 1 in Stealth
   241 | D:1      | Reached XP level 2. HP: 25/31 MP: 2/2
   908 | D:1      | Reached XP level 3. HP: 37/37 MP: 3/3
  1832 | D:2      | Found a faded altar of an unknown god.
  2024 | D:2      | Reached XP level 4. HP: 32/49 MP: 4/4
  2587 | D:3      | Reached skill level 1 in Maces & Flails
  2874 | D:3      | Noticed an ogre
  2879 | D:3      | Mangled by an ogre

Vault maps used:
D:1:      kilobyte_arrival_exit_the_forest
D:2:      ecumenical_altar_2
D:3:      solitary_fountain

Skill      XL: |  1  2  3  4 |
---------------+-------------+-----
Stealth        | 1 |  1.3
Fighting       | 3 4 |  4.9
Dodging        | 2 |  2.2
Maces & Flails | 2 |  2.0
Throwing       | |  4.1

Action                   |  1- 3 |  4- 6 || total
-------------------------+-------+-------++-------
Melee: Short sword       |    78 |       ||    78
       Hand axe          |    45 |    51 ||    96
 Stab: Sleeping          |       |     3 ||     3
  Eat: Chunk             |     2 |     3 ||     5
       Beef jerky        |     1 |       ||     1
Armor: Robe              |    47 |    10 ||    57
Dodge: Dodged            |    61 |    24 ||    85
